 Dungeon Crawl Stone Soup version 0.24.1 (webtiles) character file.

Game seed: 12568421128647371598, levelgen mode: deterministic

787 lepoulpe303 the Digger (level 7, -14/36 HPs)
             Began as a Gargoyle Earth Elementalist on Apr 3, 2020.
             Killed from afar by Pikel (20 damage)
             ... with a bolt of acid
             ... on level 4 of the Dungeon on Apr 5, 2020.
             The game lasted 00:19:33 (4474 turns).

lepoulpe303 the Digger (GrEE)                       Turns: 4474, Time: 00:19:34

Health: -14/36     AC: 15    Str: 12    XL:     7   Next: 87%
Magic:  3/14       EV: 13    Int: 17    God:
Gold:   219        SH:  0    Dex: 10    Spells: 4/15 levels left

rFire    . . .     SeeInvis .   x - +0 mace (protect)
rCold    . . .     Gourm    .   (no shield)
rNeg     + + .     Faith    .   c - +0 robe
rPois    ∞         Spirit   .   d - +0 helmet
rElec    +         Reflect  .   A - +0 cloak
rCorr    .         Harm     .   (no gloves)
MR       .....                  (no boots)
Stlth    ++........             R - amulet of regeneration
HPRegen  0.52/turn              r - ring of flight
MPRegen  0.14/turn              N - ring of positive energy {rN+}

@: protection aura
A: negative energy resistance 1, electricity resistance, unbreathing,
petrification resistance, rot immunity, AC +4
a: Evoke Flight


You were on level 4 of the Dungeon.
You were hungry.

You visited 1 branch of the dungeon, and saw 4 of its levels.

You collected 219 gold pieces.

Inventory:

Hand Weapons
 x - a +0 mace of protection (weapon)
Missiles
 a - 3 javelins
 g - 3 silver javelins (quivered)
 y - 3 poisoned darts
 Q - 33 stones
Armour
 c - a +0 robe (worn)
 d - a +0 helmet (worn)
 A - a +0 cloak (worn)
Jewellery
 o - an uncursed ring of ice {rC+, rF-}
 r - a ring of flight (left hand)
 z - a cursed ring of teleportation {unknown}
 N - a ring of positive energy (right hand) {rN+}
 R - an amulet of regeneration (around neck)
Wands
 s - a wand of flame (23)
Scrolls
 b - a scroll of magic mapping {unknown}
 h - 2 scrolls of amnesia
 i - 2 scrolls of identify
 j - a scroll of blinking {unknown}
 l - 2 scrolls of immolation {!r}
 t - 6 scrolls of teleportation
 w - a scroll of remove curse
Potions
 f - 2 potions of agility {unknown}
 k - a potion of degeneration {unknown}
 m - a potion of berserk rage {unknown}
 n - a potion of magic
 p - 2 potions of mutation {unknown}
 u - a potion of invisibility {unknown}
 v - a potion of brilliance {unknown}
Comestibles
 e - 8 rations


   Skills:
 + Level 3.1 Dodging
 - Level 4.4 Stealth
 * Level 4.8 Spellcasting
 * Level 0.5 Conjurations
 - Level 0.7 Transmutations
 * Level 6.9 Earth Magic


You had 4 spell levels left.
You knew the following spells:

 Your Spells              Type           Power        Failure   Level  Hunger
a - Sandblast             Erth           ####..       1%          1    None
w - Passwall              Tmut/Erth      ###.....     4%          2    #......
x - Stone Arrow           Conj/Erth      ###...       10%         3    ###....
z - Lee's Rapid Deconstr  Erth           ####......   22%         5    ######.

Your spell library contained the following spells:

 Spells                   Type           Power        Failure   Level  Hunger
 Petrify                  Tmut/Erth      ###.....     30%         4    ####...


Dungeon Overview and Level Annotations

Branches:
Dungeon (4/15)
 Temple: D:4-7

Altars:
Hepliaklqana

Shops:
D:4 (

Annotations:
D:4 exclusion: slave, Pikel


Innate Abilities, Weirdness & Mutations

You are resistant to torment.
Your stone body is resilient. (AC +4)
You are immune to poison.
You resist negative energy. (rN+)
You are resistant to electric shocks. (rElec)
You can survive without breathing.
You are immune to petrification.
You are immune to rotting.


Message History

The wall shatters!
The blast of rock fragments hits the slave.
The blast of rock fragments hits the slave!
You kill the slave!
That felt strangely unrewarding.
The blast of rock fragments hits Pikel!
* * * LOW MAGIC WARNING * * *
Pikel zaps a wand.
The bolt of acid hits you!
* * * LOW HITPOINT WARNING * * *
You are splashed with acid!
* * * LOW HITPOINT WARNING * * *
You take 21 damage, and have 6/36 hp.
MASSIVE DAMAGE!!
You now have 5/14 mp.
A rock wall.
* * * LOW MAGIC WARNING * * *
Pikel zaps a wand.
The bolt of acid hits you!!
Ouch! That really hurt!
You die...

###### #.#####.# Kp...# #.# #.#
..##.# #.# #.# ########
#.##.####.# #.##########.......
...#'#.<..#####.##....#.......###
#.............#.##.##.#.#.#.#....
..............'..#.##.#.......###
.#...........>####.##)#.#.#.#....
.............ppK@..##.#........##
#####################(..#.#.#....
#............ #............
#.####......# #............
#.######.#### #............
########.####


You could see Pikel and 2 slaves.

Levels and vault maps discovered:
D:1:      dpeg_arrival_simpleton_b, layout_loops_corners
D:2:      cheibrodos_greedy_goblins, layout_basic,
          lemuel_coloured_pillars_altar, first_ration, kennysheep_donut,
          minmay_quadrilaterals, uniq_jessica
D:3:      layout_basic, uniq_robin, uniq_sigmund
D:4:      minmay_chambers_of_threes, layout_basic, serial_shops, shop,
          serial_glass, glass_columns_c, glass_columns_b, minmay_misc_feat_iff,
          corexii_item_surrounded_by_moat, goddamned_bats, uniq_pikel

Notes
Turn   | Place    | Note
-------+----------+-------------------------------------------
     0 | D:1      | lepoulpe303 the Gargoyle Earth Elementalist began the quest
                  | for the Orb.
     0 | D:1      | Reached XP level 1. HP: 10/10 MP: 3/3
   179 | D:1      | Identified a +0 club
   309 | D:1      | Reached XP level 2. HP: 15/15 MP: 3/5
   313 | D:1      | Learned a level 2 spell: Passwall
   688 | D:1      | Identified a +0 dagger
   691 | D:1      | Reached skill level 4 in Earth Magic
  1023 | D:2      | Identified a cursed +0 club
  1023 | D:2      | Identified a +0 robe
  1023 | D:2      | Noticed Jessica
  1054 | D:2      | Identified a +0 short sword
  1345 | D:2      | Reached XP level 3. HP: 17/19 MP: 0/6
  1462 | D:2      | lepoulpe303: !whichgod gree
  1462 | D:2      | meem: 222 recent wins for gree: 120x Vehumet, 18x
                  | Ashenzari, 16x Sif Muna, 14x The Shining One, 11x Okawaru,
                  | 9x Gozag, 6x Makhleb, 6x Dithmenos, 5x Zin, 5x Ru, 3x
                  | Nemelex Xobeh, 3x Qazlal, 2x Uskayaw, 2x Hepliaklqana, Xom,
                  | Kikubaaqudgha
  1509 | D:2      | Learned a level 3 spell: Stone Arrow
  1644 | D:2      | You fall into a shaft and drop 1 floor!
  1661 | D:3      | Identified 5 scrolls of teleportation
  1662 | D:3      | Identified 4 scrolls of identify
  1662 | D:3      | Identified a ring of ice (You found it on level 2 of the
                  | Dungeon)
  1663 | D:3      | Identified a ring of positive energy (You found it on level
                  | 1 of the Dungeon)
  1746 | D:3      | Identified a cursed -2 dagger
  1895 | D:2      | Identified a +0 dagger
  1895 | D:2      | Identified a +0 club
  1895 | D:2      | Identified a cursed -2 club
  1895 | D:2      | Identified a +0 club
  1895 | D:2      | Identified a +0 club
  1941 | D:2      | Reached XP level 4. HP: 24/24 MP: 0/8
  2152 | D:2      | Found a hazy altar of Hepliaklqana.
  2407 | D:2      | Killed Jessica
  2407 | D:2      | Reached skill level 2 in Dodging
  2407 | D:2      | Reached skill level 3 in Spellcasting
  2496 | D:3      | Identified a +0 short sword
  2500 | D:3      | Reached skill level 3 in Stealth
  2560 | D:3      | Identified a +0 short sword
  2686 | D:3      | Identified a +0 scythe
  2686 | D:3      | Identified a cursed +0 robe
  2686 | D:3      | Noticed Sigmund
  2717 | D:3      | Identified a +0 club
  2735 | D:3      | Reached XP level 5. HP: 28/28 MP: 2/9
  2797 | D:3      | Identified an amulet of regeneration (You found it on level
                  | 3 of the Dungeon)
  2799 | D:3      | Identified 3 scrolls of immolation
  2800 | D:3      | Identified 2 scrolls of amnesia
  2801 | D:3      | Identified 2 scrolls of remove curse
  2802 | D:3      | Identified a ring of flight (You found it on level 3 of the
                  | Dungeon)
  2914 | D:3      | Identified a +0 club
  2975 | D:3      | Identified a +0 dagger
  3177 | D:3      | Identified a +0 short sword
  3178 | D:3      | Identified a +0 falchion
  3179 | D:3      | Identified a +0 club
  3181 | D:3      | Identified a +0 mace of protection
  3234 | D:3      | Reached skill level 5 in Earth Magic
  3343 | D:3      | Identified a +0 club
  3437 | D:3      | Identified 2 potions of magic
  3438 | D:3      | Identified a potion of cancellation
  3440 | D:3      | Killed Sigmund
  3440 | D:3      | Reached XP level 6. HP: 30/32 MP: 6/11
  3490 | D:3      | Identified a +0 dagger
  3490 | D:3      | Identified a +0 hunting sling
  3494 | D:3      | Identified a +0 dagger
  3494 | D:3      | Identified a +0 dagger
  3494 | D:3      | Identified a +0 club
  3495 | D:3      | Identified a +0 dagger
  3495 | D:3      | Identified a +0 club
  3495 | D:3      | Identified a +0 animal skin
  3495 | D:3      | Identified a +0 helmet
  3495 | D:3      | Noticed Robin
  3556 | D:3      | Killed Robin
  3716 | D:4      | Noticed a slave
  3716 | D:4      | Noticed a slave
  3754 | D:4      | Identified a +0 giant spiked club
  3759 | D:4      | Reached skill level 4 in Spellcasting
  3759 | D:4      | Reached skill level 6 in Earth Magic
  3763 | D:4      | Reached XP level 7. HP: 36/36 MP: 5/13
  3825 | D:4      | Reached skill level 4 in Stealth
  3864 | D:4      | Identified a +0 giant club
  3878 | D:4      | Identified a +0 cloak (You found it on level 4 of the
                  | Dungeon)
  3976 | D:4      | Found Boobrono's Weapon Shop.
  4030 | D:4      | Reached skill level 3 in Dodging
  4129 | D:4      | Learned a level 5 spell: Lee's Rapid Deconstruction
  4449 | D:4      | Identified a +1 whip of freezing
  4449 | D:4      | Identified a +0 robe
  4449 | D:4      | Noticed Pikel
  4473 | D:4      | HP: 6/36 [acid (14)]
  4474 | D:4      | Killed from afar by Pikel

Table legend:
 A = Turns spent in this place as a percentage of turns spent in the entire game.
 B = Non-inter-level travel turns spent in this place as a percentage of non-inter-level travel turns spent in the entire game.
 C = Inter-level travel turns spent in this place as a percentage of turns spent in this place.
 D = Turns resting spent in this place as a percentage of non-inter-level travel turns spent in this place.
 E = Turns spent auto-exploring this place as a percentage of non-inter-level travel turns spent in this place.
 F = Non-inter-level travel turns spent in this place divided by the number of levels of this place that you've seen.
                   A       B       C       D       E      F
               +-------+-------+-------+-------+-------+----------------------
         Total | 100.0 | 100.0 |   6.3 |  21.3 |  54.7 | 1047.8
       Dungeon | 100.0 | 100.0 |   6.3 |  21.3 |  54.7 | 1047.8
               +-------+-------+-------+-------+-------+----------------------

Table legend:
 A = Kills in this place as a percentage of kills in entire the game.
 B = Kills by you in this place as a percentage of kills by you in the entire game.
 C = Kills by friends in this place as a percentage of kills by friends in the entire game.
 D = Other kills in this place as a percentage of other kills in the entire game.
 E = Experience gained in this place as a percentage of experience gained in the entire game.
 F = Experience gained in this place divided by the number of levels of this place that you have seen.
                   A       B       C       D       E      F
               +-------+-------+-------+-------+-------+----------------------
         Total | 100.0 | 100.0 |   N/A |   N/A | 100.0 | 281.2
       Dungeon | 100.0 | 100.0 |   N/A |   N/A | 100.0 | 281.2
               +-------+-------+-------+-------+-------+----------------------

Skill      XL: |  1  2  3  4  5  6  7 |
---------------+----------------------+-----
Earth Magic    | 4 5 6 |  6.9
Dodging        | 2 3 |  3.1
Spellcasting   | 3 4 |  4.8
Stealth        | 3 4 |  4.4
Conjurations   | |  0.5
Transmutations | |  0.7

Action                   |  1- 3 |  4- 6 |  7- 9 || total
-------------------------+-------+-------+-------++-------
Melee: Unarmed           |     8 |     4 |       ||    12
       Mace              |       |    36 |    76 ||   112
Throw: Javelin           |       |     9 |       ||     9
 Cast: Sandblast         |    67 |    54 |    27 ||   148
       Passwall          |     1 |       |     1 ||     2
       Stone Arrow       |       |     1 |     4 ||     5
       Lee's Rapid Decon |       |       |     2 ||     2
  Use: Scroll            |     3 |     4 |       ||     7
       Potion            |       |     2 |       ||     2
  Eat: Chunk             |     4 |     6 |     2 ||    12
Armor: Robe              |    10 |    28 |   121 ||   159
Dodge: Dodged            |    22 |    35 |   142 ||   199

Vanquished Creatures
  Sigmund (D:3)
  A slave (D:4)
  2 ogres (D:4)
  A phantom (D:4)
  A vampire bat (D:4)
  A howler monkey (D:4)
  An orc priest (D:3)
  Jessica (D:2)
  An iguana (D:4)
  Robin (D:3)
  2 adders
  2 worms
  2 dart slugs
  3 fire bats (D:4)
  4 orcs (D:3)
  2 spectral bats (D:4)
  3 bat skeletons (D:4)
  A bat zombie (D:4)
  4 giant cockroaches
  18 goblins
  13 hobgoblins
  16 jackals
  6 kobolds
  2 quokkas (D:3)
  2 ball pythons
  19 bats
  A bat simulacrum (D:4)
  5 frilled lizards
  2 rats
118 creatures vanquished.
